 Dungeon Crawl Stone Soup version 0.16-a0-1301-gf74d490 (console) character file.

252 Orcus the Cudgeler (level 6, 0/57 HPs)
             Began as an Ogre Fire Elementalist on Oct 15, 2014.
             Succumbed to a scorpion's poison
             ... on level 4 of the Dungeon.
             The game lasted 00:10:47 (1601 turns).

Orcus the Cudgeler (Ogre Fire Elementalist)         Turns: 1601, Time: 00:10:47

Health: 0/57       AC:  3    Str: 15      XL:     6   Next: 13%
Magic:  0/13       EV: 10    Int: 11 (15) God:
Gold:   131        SH:  0    Dex: 10      Spells: 1 memorised, 10 levels left

rFire  . . .     SeeInvis .     a - +0 mace
rCold  . . .     Clarity  .     e - +0 robe
rNeg   . . .     SustAb   .     (shield restricted)
rPois  .         Gourm    .     (helmet restricted)
rElec  .         Spirit   .     (no cloak)
rCorr  .         Warding  .     (gloves unavailable)
rMut   .         Stasis   .     (boots unavailable)
MR     .....                    (no amulet)
Stlth  +.........               (no ring)
                                (no ring)

@: lethally poisoned, very slightly contaminated, not resistant to hostile
enchantments, very unstealthy
A: unfitting armour, tough skin 1
a: no special abilities


You were on level 4 of the Dungeon.
You were not hungry.

You visited 1 branch of the dungeon, and saw 4 of its levels.

You collected 131 gold pieces.

Inventory:

Hand weapons
 a - a +0 mace (weapon)
Missiles
 d - 24 sling bullets
Armour
 e - a +0 robe (worn)
Scrolls
 g - 5 scrolls of identify {unknown}
 i - a scroll of remove curse {unknown}
 j - a scroll of enchant armour {unknown}
 p - a scroll of teleportation {unknown}
 q - a scroll of random uselessness {unknown}
 r - 3 scrolls of noise {unknown}
Potions
 f - a potion of degeneration
 l - 2 potions of brilliance
Books
 b - a book of Flames

   Spells                             Type                      Level
   *Flame Tongue                      Conjuration/Fire             1
   Throw Flame                        Conjuration/Fire             2
   Conjure Flame                      Conjuration/Fire             3
   Inner Flame                        Hexes/Fire                   3
   Sticky Flame                       Conjuration/Fire             4
   Fireball                           Conjuration/Fire             5
Comestibles
 c - 2 meat rations
 h - 3 rotting chunks of orc flesh
 m - 3 bread rations
 o - a royal jelly


   Skills:
 + Level 2.1 Fighting
 * Level 3.6 Maces & Flails
 + Level 2.3 Dodging
 - Level 2.0 Stealth
 + Level 3.1 Spellcasting
 * Level 2.0 Conjurations
 * Level 2.9 Fire Magic


You had 10 spell levels left.
You knew the following spells:

 Your Spells              Type           Power        Failure   Level  Hunger
a - Flame Tongue          Conj/Fire      #....        12%         1    #......


Dungeon Overview and Level Annotations

Branches:
Dungeon (4/15)
 Temple: D:4-7

Altars:
Sif Muna

Annotations:
D:3 Talonman's ghost, average NaTm


Innate Abilities, Weirdness & Mutations

You are too large for most types of armour.
You have tough skin (AC +1).


Message History

* * * LOW HITPOINT WARNING * * *
You feel sick.
* * * LOW HITPOINT WARNING * * *
You feel sick.
* * * LOW HITPOINT WARNING * * *
You feel sick.
Casting: Flame Tongue
Confirm with . or Enter, or press ? or * to list all spells.
Aiming: Flame Tongue
Press: ? - help, Shift-Dir - straight line, f/p - scorpion
Aim: a scorpion (almost dead)
The flame tongue hits the scorpion.
You kill the scorpion!
Your Conjurations skill increases to level 2!
You have reached level 6!
Your experience leads to an increase in your attributes!
Your base attributes are Str 14, Int 14, Dex 10.
Increase (S)trength, (I)ntelligence, or (D)exterity?
You feel clever.
You feel stronger.
You die...

##.#........
######...S..#.##.
#........####.#
###.#.##.####.### #
#.#.##........#.#
#...##..........##
##..#.............
#..............##..
##.#.....@..........
##.#..........>#....
###.S#....S...........
#...##.............##..
######.####.................
.........##................#
..........................##
...........#................
.........#........).........


You could see an adder.

Vanquished Creatures
  An ogre (D:4)
  A scorpion (D:4)
  A worker ant (D:4)
  A gnoll (D:1)
  4 adders
  A worm (D:2)
  An ooze (D:2)
  7 orcs (D:3)
  3 giant cockroaches
  5 hobgoblins
  A jackal (D:4)
  6 kobolds
  4 bats
  3 giant geckos
  3 giant newts
  5 goblins
  5 rats
52 creatures vanquished.

Notes
Turn   | Place    | Note
--------------------------------------------------------------
     0 | D:1      | Orcus, the Ogre Fire Elementalist, began the quest for the Orb.
     0 | D:1      | Reached XP level 1. HP: 16/16 MP: 3/3
     0 | D:1      | welcome! again...
     0 | D:1      | time to end this chapter
     0 | D:1      | now or never
   304 | D:1      | Reached skill level 1 in Maces & Flails
   304 | D:1      | Reached XP level 2. HP: 26/26 MP: 0/5
   488 | D:2      | Reached skill level 1 in Conjurations
   488 | D:2      | Reached XP level 3. HP: 27/32 MP: 2/6
   556 | D:2      | Found a deep blue altar of Sif Muna.
   889 | D:2      | Reached skill level 1 in Fighting
   959 | D:2      | Reached XP level 4. HP: 37/41 MP: 4/8
  1242 | D:3      | HP: 2/41 [poisoned by an adder]
  1251 | D:3      | HP: 2/41 [orc/flail (1)]
  1352 | D:3      | Noticed Talonman's ghost (average NaTm)
  1399 | D:4      | Noticed an ogre
  1411 | D:4      | Killed an ogre
  1411 | D:4      | Reached skill level 3 in Maces & Flails
  1411 | D:4      | Reached XP level 5. HP: 17/49 MP: 1/11
  1597 | D:4      | HP: 2/49 [poisoned by a scorpion]
  1600 | D:4      | Reached XP level 6. HP: 1/57 MP: 0/13
  1601 | D:4      | Succumbed to a scorpion's poison

Action                   |  1- 3 |  4- 6 || total
-------------------------+-------+-------++-------
Melee: Mace              |    12 |    26 ||    38
 Cast: Flame Tongue      |    40 |    60 ||   100
  Use: Potion            |       |     8 ||     8
  Eat: Chunk             |     1 |     1 ||     2
       Beef jerky        |       |     1 ||     1
